 Dungeon Crawl Stone Soup version 0.31-a0-174-g85c54bcb58 (webtiles) character file.

Game seed: 14024514248513885867

58 qw the Chopper (level 4, -2/28 HPs)
             Began as a Gargoyle Fighter on June 16, 2023.
             Killed from afar by Dowan (5 damage)
             ... with a puff of flame
             ... on level 4 of the Dungeon.
             The game lasted 00:00:36 (1164 turns).

qw the Chopper (Gargoyle Fighter)                   Turns: 1164, Time: 00:00:37

Health: -2/28      AC: 10    Str: 22    XL:     4   Next: 1%
Magic:  4/4        EV:  9    Int:  8    God:
Gold:   96         SH:  4    Dex:  9    Spells: 3/3 levels left

rFire   . . .        Y - +0 war axe (heavy)
rCold   . . .        c - +0 buckler
rNeg    + . .        b - +0 scale mail
rPois   inf          (no helmet)
rElec   +            (no cloak)
rCorr   .            (no gloves)
SInv    .            (no boots)
Will    .....        (no amulet) Stlth
                     (no ring)
HPRegen 0.24/turn    (no ring)
MPRegen 0.09/turn

%: no passive effects
@: lit by a corona, glowing
A: sickness immunity, AC +3, negative energy resistance 1, electricity
resistance, torment resistance 1, petrification resistance
a: no special abilities


You were on level 4 of the Dungeon.
You visited 1 branch of the dungeon, and saw 3 of its levels.

You collected 96 gold pieces.


Innate Abilities, Weirdness & Mutations

You are immune to sickness and miasma.
Your stone body is resilient. (AC +3)
You are immune to poison.
You resist negative energy. (rN+)
You are resistant to electric shocks. (rElec)
You are resistant to unholy torment.
You are immune to petrification.


   Skills:
 - Level 3.2 Fighting
 + Level 3.8 Axes
 - Level 3.2 Armour
 - Level 3.2 Shields


You had 3 spell levels left.
You didn't know any spells.
Your spell library was empty.

Inventory:

Hand Weapons
 h - a +0 club
 Y - a +0 heavy war axe (weapon)
Armour
 a - a +0 helmet
 b - a +0 scale mail (worn)
 c - a +0 buckler (worn)
 f - a +0 chain mail
Scrolls
 g - a scroll of enchant armour
Potions
 d - a potion of might
 e - a potion of resistance {unknown}
 i - a potion of brilliance {unknown}

Dungeon Overview and Level Annotations

Branches:
Dungeon (4/15)
 Temple: D:4-7

Altars:
Vehumet

Annotations:
D:4 Dowan, Duvessa


Message History

You slice Duvessa!!
Duvessa is heavily wounded.
Duvessa hits you but does no damage. x2; Dowan hits you but does no damage.
You completely miss Duvessa.
Duvessa is heavily wounded.
You hit Dowan. Duvessa closely misses you. Dowan casts a spell at you.
You are outlined in light.
You barely miss Duvessa.
Duvessa is heavily wounded.
You barely miss Dowan. Duvessa hits you with a +0 rapier.
Dowan hits you but does no damage. You block Duvessa's attack.
Dowan misses you. Dowan hits you with a +0 dagger.
Duvessa hits you with a +0 rapier.
You slash Duvessa!
Duvessa is almost dead.
You completely miss Dowan. Duvessa hits you but does no damage.
Dowan hits you with a +0 dagger. Duvessa hits you with a +0 rapier!
You block Dowan's attack.
You barely miss Duvessa.
Duvessa is almost dead.
You hit Dowan.
Duvessa says, "When magic and the sword combine, nothing stands against them."
Duvessa hits you but does no damage. Dowan hits you with a +0 dagger.
Dowan closely misses you. You block Duvessa's attack.
You completely miss Duvessa.
Duvessa is almost dead.
You hit Dowan but do no damage. You block Duvessa's attack.
Dowan throws and catches a handful of magical flame, then smirks.
Dowan hits you with a +0 dagger. Dowan hits you but does no damage.
Duvessa hits you with a +0 rapier.
You barely miss Duvessa.
Duvessa is almost dead.
You barely miss Dowan. Duvessa hits you but does no damage.
Dowan casts a spell at you. The puff of flame hits you.
You die...

....>...##.##.#####...
....###.#...#.# ....#
#.......#### ##..#
#.#........# ####
####.#..##.#
......##.# ###.#.###.#
#+#.# #.# ..# #@#
......ee# $....####
.... ... .. .


You could see Duvessa and Dowan.

Vanquished Creatures
  Jessica (D:2)
  4 endoplasms (D:1)
  A giant cockroach (D:1)
  2 goblins
  5 hobgoblins
  2 kobolds
  A quokka (D:1)
  3 ball pythons
  5 bats
  2 frilled lizards (D:1)
  2 rats (D:1)
28 creatures vanquished.

Notes
Turn   | Place    | Note
-------+----------+-------------------------------------------
     0 | D:1      | qw the Gargoyle Fighter began the quest for the Orb.
     0 | D:1      | Reached XP level 1. HP: 14/14 MP: 1/1
     0 | D:1      | 0 ||| qw: Version: 0.2-a-29-g511e9b1
     0 | D:1      | 0 ||| qw: Game counter: 5635
     0 | D:1      | 0 ||| qw: Always use a shield: true
     0 | D:1      | 0 ||| qw: God list: Okawaru
     0 | D:1      | 0 ||| qw: Allow faded altars: false
     0 | D:1      | 0 ||| qw: Do Orc after D:15 true
     0 | D:1      | 0 ||| qw: Do second Lair branch before Depths: true
     0 | D:1      | 0 ||| qw: Lair rune preference: random
     0 | D:1      | 0 ||| qw: Plans: Normal, Zot:1-4, Slime:5, God:TSO, Crypt,
                  | Tomb, Abyss, Pan, Hells, Win
     0 | D:1      | 0 ||| PLANNING D:1-11
   220 | D:1      | Reached XP level 2. HP: 19/19 MP: 2/2
   486 | D:1      | Reached skill level 3 in Axes
   524 | D:1      | Reached XP level 3. HP: 23/23 MP: 3/3
   841 | D:1      | 841 ||| READING scroll labelled WYT REMETEITU.
   842 | D:1      | 842 ||| READING 2 scrolls labelled FEPUTE ADDA.
   843 | D:1      | 843 ||| READING scroll labelled SAEJON KUEHIM.
   848 | D:1      | 848 ||| READING scroll labelled JAKKEONNAH.
   849 | D:1      | 849 ||| READING scroll labelled VOHUTZ EQYMAI.
   850 | D:1      | 850 ||| DROPPING scroll of fear.
   902 | D:2      | 902 ||| Stepping ~*~*~tactically~*~*~ (stealth).
   903 | D:2      | 903 ||| Stepping ~*~*~tactically~*~*~ (stealth).
   975 | D:2      | Noticed Jessica
   980 | D:2      | Killed Jessica
   982 | D:2      | Reached XP level 4. HP: 19/28 MP: 4/4
  1029 | D:2      | Found a radiant altar of Vehumet.
  1115 | D:2      | You fall into a shaft and drop 2 floors!
  1154 | D:4      | Noticed Duvessa
  1156 | D:4      | Noticed Dowan
  1162 | D:4      | HP: 7/28 [Dowan/+0 dagger (3)]
  1163 | D:4      | HP: 3/28 [Duvessa/+0 rapier (1)]
  1164 | D:4      | Killed from afar by Dowan

Levels and vault maps discovered:
D:1:      ncdulo_wetmaze, layout_loops_ring, hangedman_decor_clover_reticule
D:2:      layout_rooms, basic_altar, uniq_jessica
D:4:      layout_loops_corners, chequers_avenue, wad_rectangle_vault,
          uniq_duvessa

Skill      XL: |  1  2 |
---------------+-------+-----
Axes           | 2 3 |  3.8
Fighting       | |  3.2
Armour         | |  3.2
Shields        | |  3.2

Action                     |  1- 3 |  4- 6 || total
---------------------------+-------+-------++-------
  Melee: War axe           |    83 |     9 ||    92
    Use: Scroll            |     5 |       ||     5
 Armour: Scale mail        |    35 |    10 ||    45
  Dodge: Dodged            |    53 |     3 ||    56
  Block: Buckler           |    12 |     4 ||    16

Table legend:
 A = Non-vault XP
 B = Vault XP
 C = Vault XP percentage of total XP
 D = Non-vault monster count
 E = Vault monster count
 F = Vault count percentage of total count
                 A         B        C        D         E       F
            +---------+---------+-------+---------+---------+-------
      Total |      46 |      37 |  44.6 |      27 |       1 |   3.6
            +---------+---------+-------+---------+---------+-------
        D:1 |      37 |       0 |   0.0 |      22 |       0 |   0.0
        D:2 |       9 |      37 |  80.4 |       5 |       1 |  16.7
            +---------+---------+-------+---------+---------+-------
